 Dungeon Crawl Stone Soup version 0.31-a0-700-gf13585253f (webtiles) character file.

Game seed: 9695557795411014793

45 qw the Shooter (level 3, -3/21 HPs)
             Began as a Gargoyle Hunter on Sept 7, 2023.
             Slain by Terence
             ... wielding a +0 mace
              (4 damage)
             ... on level 2 of the Dungeon.
             The game lasted 00:00:21 (1022 turns).

qw the Shooter (Gargoyle Hunter)                    Turns: 1022, Time: 00:00:22

Health: -3/21      AC:  8    Str: 14    XL:     3   Next: 64%
Magic:  3/3        EV: 10    Int:  9    God:
Gold:   143        SH:  0    Dex: 15    Spells: 2/2 levels left

rFire   . . .        Y - +0 shortbow
rCold   . . .        (shield currently unavailable)
rNeg    + . .        f - +0 ring mail
rPois   inf          (no helmet)
rElec   +            (no cloak)
rCorr   .            (no gloves)
SInv    .            (no boots)
Will    .....        (no amulet)
Stlth   +            (no ring)
HPRegen 0.23/turn    (no ring)
MPRegen 0.08/turn

%: no passive effects
@: no status effects
A: sickness immunity, AC +3, negative energy resistance 1, electricity
resistance, torment resistance 1, petrification resistance
a: no special abilities


You were on level 2 of the Dungeon.
You visited 1 branch of the dungeon, and saw 2 of its levels.

You collected 143 gold pieces.


Innate Abilities, Weirdness & Mutations

You are immune to sickness and miasma.
Your stone body is resilient. (AC +3)
You are immune to poison.
You resist negative energy. (rN+)
You are resistant to electric shocks. (rElec)
You are resistant to unholy torment.
You are immune to petrification.


   Skills:
 + Level 2.1 Fighting
 - Level 5.1 Ranged Weapons
 - Level 1.0 Armour
 - Level 1.5 Dodging
 - Level 1.1 Stealth


You had 2 spell levels left.
You didn't know any spells.
Your spell library was empty.

Inventory:

Hand Weapons
 Y - a +0 shortbow (weapon)
Armour
 f - a +0 ring mail (worn)
Scrolls
 a - a scroll of enchant weapon {unknown}
 b - a scroll of fear {unknown}
 c - a scroll of torment {unknown}
Potions
 e - a potion of attraction {unknown}
 h - a potion of mutation {unknown}

Dungeon Overview and Level Annotations

Branches:
Dungeon (2/15)

Altars:

Annotations:
D:2 Terence


Message History

Your Ranged Weapons skill increases to level 5!
You see here a hobgoblin corpse.
You now have 143 gold pieces (gained 11).
Found 4 stones.
Enter note:
Enter note:
Enter note: You see here 4 stones.
You see here a +0 mace.
You see here a hobgoblin corpse.
Terence the Incautious comes into view.
He is wielding a +0 mace.
Terence shouts!
You shoot an arrow. The arrow hits Terence.
Terence is lightly wounded.
You shoot an arrow.
The arrow hits Terence but does no damage.
Terence is lightly wounded.
Terence says, "Rest in peace."
You shoot an arrow. The arrow hits Terence!
Terence is heavily wounded.
You shoot an arrow. The arrow barely misses Terence.
You shoot an arrow. The arrow closely misses Terence.
Terence closely misses you.
You shoot an arrow.
The arrow hits Terence but does no damage.
Terence is heavily wounded.
Terence hits you with a +0 mace. x2
You shoot an arrow.
The arrow hits Terence but does no damage.
Terence is heavily wounded.
Terence hits you with a +0 mace!
You shoot an arrow.
The arrow hits Terence but does no damage.
Terence is heavily wounded.
Terence closely misses you.
You shoot an arrow. The arrow barely misses Terence.
Terence hits you with a +0 mace.
You shoot an arrow. The arrow closely misses Terence.
Terence hits you with a +0 mace. x2
You die...

##.#.# #.# #.#.# ########.##.#
#.#.# .........##.# .......
#.#.# .........##.##>.......
#.#.# .........##.##.%......#
#.#.# .........##.##........#
#.#.# .........##.##........#
#.#.##### #......##.##........#
#.#.....# #...@@.##.##........#
#.#.....########.##.#.........#
#.#......# #................#
#.#......# #...............>#
#.#......###......).........####
#.#........#..................[#
#.#........#..............#....#
#.##.......#####.##.......#.)..#
#.#........# #.##.......#....#


You could see Terence.

Vanquished Creatures
  2 adders (D:2)
  2 ball pythons (D:2)
  2 endoplasms (D:1)
  4 goblins
  5 hobgoblins
  2 jackals (D:1)
  A kobold (D:1)
  A bat (D:1)
  3 frilled lizards (D:1)
  3 rats
25 creatures vanquished.

Notes
Turn   | Place    | Note
-------+----------+-------------------------------------------
     0 | D:1      | qw the Gargoyle Hunter began the quest for the Orb.
     0 | D:1      | Reached XP level 1. HP: 12/12 MP: 1/1
     0 | D:1      | 0 ||| qw: Version: 0.3-a-76-g4403597
     0 | D:1      | 0 ||| qw: Game counter: 517
     0 | D:1      | 0 ||| qw: Melee chars always use a shield: true
     0 | D:1      | 0 ||| qw: God list: Okawaru
     0 | D:1      | 0 ||| qw: Allow faded altars: false
     0 | D:1      | 0 ||| qw: Do Orc after clearing Dungeon:15 true
     0 | D:1      | 0 ||| qw: Do second Lair branch before Depths: true
     0 | D:1      | 0 ||| qw: Lair rune preference: random
     0 | D:1      | 0 ||| qw: Goals: Normal
     0 | D:1      | 0 ||| PLANNING D:1-11
   201 | D:1      | Reached XP level 2. HP: 17/17 MP: 2/2
   593 | D:1      | 593 ||| UPGRADING to +0 ring mail.
   603 | D:1      | 603 ||| DROPPING +0 leather armour.
   604 | D:1      | 604 ||| READING scroll labelled JACOTENEOSH.
   605 | D:1      | 605 ||| READING scroll labelled VEOW KEREENUC.
   606 | D:1      | 606 ||| READING scroll labelled HEMPASU TACIHA.
   607 | D:1      | 607 ||| DROPPING scroll of butterflies.
   651 | D:2      | Identified the +9 mace of Tension {distort, Str+2}
   741 | D:2      | Reached skill level 1 in Armour
   741 | D:2      | Reached XP level 3. HP: 21/21 MP: 3/3
   849 | D:2      | Reached skill level 5 in Ranged Weapons
  1012 | D:2      | Noticed Terence
  1021 | D:2      | HP: 2/21 [Terence/+0 mace (6)]
  1022 | D:2      | Slain by Terence

Levels and vault maps discovered:
D:1:      matt_arrival_refuge, layout_rooms, minmay_misc_feat_diagonals,
          dk_noncrumbling_2
D:2:      layout_basic, uniq_robin, uniq_terence

Skill      XL: |  1  2  3 |
---------------+----------+-----
Armour         | 1 |  1.0
Ranged Weapons | 5 |  5.1
Fighting       | |  2.1
Dodging        | |  1.5
Stealth        | |  1.1

Action                     || total
---------------------------++-------
   Fire: Shortbow          ||    82
    Use: Scroll            ||     3
 Armour: Leather armour    ||     8
         Ring mail         ||    13
  Dodge: Dodged            ||    17

Table legend:
 A = Non-vault XP
 B = Vault XP
 C = Vault XP percentage of total XP
 D = Non-vault monster count
 E = Vault monster count
 F = Vault count percentage of total count
                 A         B        C        D         E       F
            +---------+---------+-------+---------+---------+-------
      Total |      65 |       0 |   0.0 |      25 |       0 |   0.0
            +---------+---------+-------+---------+---------+-------
        D:1 |      25 |       0 |   0.0 |      15 |       0 |   0.0
        D:2 |      40 |       0 |   0.0 |      10 |       0 |   0.0
            +---------+---------+-------+---------+---------+-------
